 Dungeon Crawl Stone Soup version 0.28-a0-1638-g9123634e07 (webtiles) character file.

Game seed: 8225148797156384099

15 HallandMoats the Skirmisher (level 2, 26/26 HPs)
             Began as a Ghoul Monk on Jan 25, 2022.
             Was the Champion of Ignis.
             Safely got out of the dungeon.
             The game lasted 00:00:43 (393 turns).

HallandMoats the Skirmisher (Ghoul Monk)             Turns: 393, Time: 00:00:44

Health: 26/26      AC:  2    Str: 14    XL:     2   Next: 50%
Magic:  1/1        EV: 12    Int:  5    God:    Ignis [******]
Gold:   41         SH:  0    Dex: 11    Spells: 1/1 levels left

rFire   + . .      SeeInvis .   a - +0 falchion
rCold   + . .      Faith    .   (no shield)
rNeg    + + +      Spirit   .   b - +0 robe
rPois   ∞          Reflect  .   (no helmet)
rElec   .          Harm     .   (no cloak)
rCorr   .          Rampage  .   (no gloves)
Will    .....                   (no boots)
Stlth   ++........              (no amulet)
HPRegen 0.08/turn               (no ring)
MPRegen 0.07/turn               (no ring)

@: no status effects
A: claws 1, cold resistance 1, negative energy resistance 3, inhibited
regeneration, torment resistance 2
a: Renounce Religion, Fiery Armour, Foxfire Swarm, Rising Flame


You escaped.
You worshipped Ignis.
Ignis was exalted by your worship.
You visited 1 branch of the dungeon, and saw 1 of its levels.

You collected 41 gold pieces.

Inventory:

Hand Weapons
 a - a +0 falchion (weapon)
Armour
 b - a +0 robe (worn)
Scrolls
 c - a scroll of silence {unknown}
 e - a scroll of enchant armour {unknown}
Potions
 d - a potion of haste {unknown}


   Skills:
 * Level 3.6 Fighting
 * Level 2.9 Long Blades
 + Level 0.3 Armour
 + Level 2.7 Dodging
 - Level 2.1 Stealth
 + Level 0.4 Invocations


You had one spell level left.
You didn't know any spells.
Your spell library was empty.

Dungeon Overview and Level Annotations

Branches:
Dungeon (1/15)

Altars:
Ignis


Innate Abilities, Weirdness & Mutations

You thrive by killing the living.
You are immune to poison.
You have sharp fingernails.
Your flesh is cold resistant. (rC+)
You are immune to negative energy. (rN+++)
You do not regenerate when monsters are visible.
You are immune to unholy pain and torment.


Message History

There is an open door here.
As you open the door, it creaks loudly!
Found a faded altar of an unknown god.
There is an open door here.
A quokka comes into view.
Found a short sword.
A quokka is nearby!
A quokka is nearby!
A quokka is nearby!
There is an open door here.
There is an open door here.
There is a faded altar of an unknown god here.
You cannot tell which god this altar belongs to.
Convert to them anyway?
Ignis accepts your prayer! Ignis welcomes you!
You can now rocket upward and away.
(D) Dungeon
Where to? (? - help)
What level of the Dungeon? (default 1, ? - help)
Okay, then.
Unknown command.
Press < or > to pray at altars.
The quokka closely misses you. The quokka barely misses you.
There is an open door here.
You hit the quokka but do no damage. The quokka closely misses you.
You hit the quokka but do no damage. The quokka bites you.
The quokka closely misses you.
You hit the quokka.
You kill the quokka!
You feel better.
You see here a quokka corpse.
(D) Dungeon
Where to? (? - help)
What level of the Dungeon? (default 1, ? - help)
There is an open door here.
You see here a bat corpse.
There is a large open door here.
There is a staircase leading out of the dungeon here.
Are you sure you want to leave the Dungeon?
This will make you lose the game!
You have escaped!

#.. #.#
#.############
#.#.#........#
#.#.+...##...#
#.#.+........#
#####...#........#
..†.....#.......@#
#######.#........#
##...##.'........#
...#.##.'...##...#
####'##.#........#
.......###########
#......# #......#
.......#


There were no monsters in sight!

Vanquished Creatures
  A giant cockroach (D:1)
  A goblin (D:1)
  2 hobgoblins (D:1)
  A quokka (D:1)
  2 ball pythons (D:1)
  3 bats (D:1)
  2 frilled lizards (D:1)
  2 kobolds (D:1)
  A rat (D:1)
15 creatures vanquished.

Notes
Turn   | Place    | Note
-------+----------+-------------------------------------------
     0 | D:1      | HallandMoats the Ghoul Monk began the quest for the Orb.
     0 | D:1      | Reached XP level 1. HP: 19/19 MP: 0/0
   180 | D:1      | Reached XP level 2. HP: 25/26 MP: 1/1
   318 | D:1      | Found a faded altar of an unknown god.
   333 | D:1      | Prayed at the altar of an unknown god.
   333 | D:1      | Became a worshipper of Ignis, the Dying Flame
   333 | D:1      | Reached ****** piety under Ignis
   393 | D:$      | Safely got out of the dungeon.

Illustrated notes

Levels and vault maps discovered:
D:1:      lemuel_arrival_behind_the_door_large, layout_basic,
          serial_corexii_hall, corexii_hall_statues_i, corexii_hall_statues_s,
          hellmonk_ecumenical_altar_inner_sanctum

Action                   || total
-------------------------++-------
Melee: Falchion          ||    35
 Stab: Sleeping          ||     2
Armor: Robe              ||    13
Dodge: Dodged            ||    34

Table legend: (Time is in decaauts)
 A = Elapsed time spent in this place.
 B = Non-inter-level travel time spent in this place.
 C = Inter-level travel time spent in this place.
 D = Time resting spent in this place.
 E = Time spent auto-exploring this place.
 F = Levels seen in this place.
 G = Mean time per level.
                   A        B        C        D        E       F      G
               +--------+--------+--------+--------+--------+-----+--------+
         Total |    398 |    346 |     52 |      0 |    236 |   1 |  398.0 |
       Dungeon |    398 |    346 |     52 |      0 |    236 |   1 |  398.0 |
               +--------+--------+--------+--------+--------+-----+--------+

Top non-repeatable levels by time:
     D:1: 398 daAuts
